 Seeded DCSS version 0.29.0-13-gc9e81de378 (webtiles) character file.

Game seed: 3875183420463564524 (custom seed)

9 bwicke the Sneak (level 2, -3/17 HPs)
             Began as an Octopode Enchanter on Sept 8, 2022.
             Slain by a gnoll
             ... wielding a +0 flail
              (8 damage)
             ... on level 1 of the Dungeon.
             The game lasted 00:00:51 (376 turns).

bwicke the Sneak (Octopode Enchanter)                Turns: 376, Time: 00:00:52

Health: -3/17      AC:  1    Str:  7    XL:     2   Next: 12%
Magic:  5/5        EV: 13    Int: 17    God:
Gold:   16         SH:  0    Dex: 12    Spells: 5/5 levels left

rFire   . . .      SeeInvis .   a - +1 dagger
rCold   . . .      Faith    .   (no shield)
rNeg    . . .      Spirit   .   (helmet restricted)
rPois   .          Reflect  .   (no amulet)
rElec   .          Harm     .   (no ring)
rCorr   .          Rampage  .   (no ring)
Will    .....                   (no ring)
Stlth   +++.......              (no ring)
HPRegen 0.05/turn               (no ring)
MPRegen 0.09/turn               (no ring)
                                (no ring)
                                (no ring)

@: invisible
A: almost no armour, amphibious, 8 rings, camouflage 1, gelatinous body 1,
(nimble swimmer 1), tentacles
a: no special abilities


You were on level 1 of the Dungeon.
You visited 1 branch of the dungeon, and saw 1 of its levels.

You collected 16 gold pieces.

Inventory:

Hand Weapons
 a - a +1 dagger (weapon)
Missiles
 d - 3 poisoned darts (quivered)
Potions
 b - a potion of invisibility
 c - a potion of cancellation {unknown}


   Skills:
 - Level 1.0 Short Blades
 + Level 2.8 Dodging
 - Level 4.0 Stealth
 - Level 2.0 Spellcasting
 - Level 3.0 Hexes


You had 5 spell levels left.
You didn't know any spells.
Your spell library contained the following spells:

 Spells                   Type           Power      Damage    Failure   Level
 Ensorcelled Hibernation  Hex/Ice        12%        N/A       16%         2
 Confusing Touch          Hex            11%        N/A       17%         3
 Tukima's Dance           Hex            11%        N/A       17%         3
 Dazzling Flash           Conj/Hex       12%        N/A       30%         3


Dungeon Overview and Level Annotations

Branches:
Dungeon (1/15)

Altars:


Innate Abilities, Weirdness & Mutations

You cannot wear most types of armour.
You are amphibious.
You can wear up to eight rings at the same time.
Your skin changes colour to match your surroundings (Stealth+).
Your rubbery body absorbs attacks. (AC +1, EV +1)
((You are camouflaged when in or above water. (Stealth+)))
You have tentacles for arms and can constrict up to eight enemies at once.


Message History

You hit the goblin. You grab the goblin.
The goblin is heavily wounded.
You constrict the goblin. The goblin misses you.
You hit the goblin.
You kill the goblin!
The rat bites you.
You barely miss the rat. You grab the rat. You squeeze the rat.
The rat is moderately wounded.
You constrict the rat. The rat barely misses you.
You hit the rat.
You kill the rat!
Found 4 poisoned darts, a metallic dark potion and 16 gold pieces.
c - a metallic dark potion A gnoll comes into view.
It is wielding a +0 flail.
You see here 4 poisoned darts.
d - 4 poisoned darts The gnoll shouts!
You see here 16 gold pieces.
You now have 16 gold pieces.
Throw: 4 darts (poison)
Press: ? - help, Q - select action Shift-Dir - straight line, f - gnoll
Aim: a gnoll, wielding a +0 flail (60% to hit)
You throw a poisoned dart.
The poisoned dart closely misses the gnoll.
Unknown command.
You hit the gnoll. You grab the gnoll.
The gnoll is lightly wounded.
You constrict the gnoll, but do no damage.
The gnoll hits you with a +0 flail!
Ouch! That really hurt!
* * * LOW HITPOINT WARNING * * *
You hit the gnoll.
The gnoll is lightly wounded.
You constrict the gnoll. The gnoll misses you.
Okay, then.
Unknown command.
You fade into invisibility!
You constrict the gnoll, but do no damage.
The gnoll hits you with a +0 flail!
You die...

#.###..#......# #
..#.###.##)..>...#######
..............#.........
..#.###.#######.........
. # #.# #.........
#.#.###.# #.........
........# #.........
#.......# #.........
###(..g@# #.........
#.....# ......####
#.....# ........ #.....#
#.....# #.....# #.....#
#.....# #


You could see a gnoll (unable to see you).

Vanquished Creatures
  A dart slug (D:1)
  A giant cockroach (D:1)
  A goblin (D:1)
  A quokka (D:1)
  A frilled lizard (D:1)
  2 rats (D:1)
7 creatures vanquished.

Notes
Turn   | Place    | Note
-------+----------+-------------------------------------------
     0 | D:1      | bwicke the Octopode Enchanter began the quest for the Orb.
     0 | D:1      | Reached XP level 1. HP: 11/11 MP: 3/3
   236 | D:1      | Reached XP level 2. HP: 17/17 MP: 5/5
   376 | D:1      | Slain by a gnoll

Illustrated notes

Levels and vault maps discovered:
D:1:      elethiomel_arrival_infinity_welcomes_careful_drivers, layout_basic

Action                   || total
-------------------------++-------
Melee: Dagger            ||    13
       Constrict         ||     4
       Tentacles         ||     2
Throw: Dart              ||     1
  Use: Potion            ||     1
 Stab: Sleeping          ||     3
Armor: Skin              ||     1
Dodge: Dodged            ||     6
